 Dungeon Crawl Stone Soup version 0.25.1-2-g60ff931df9 (webtiles) character file.

Game seed: 1138994437416164871

622260 2bobheroes the Shatterer (level 27, -5/351 HPs)
             Began as a Gnoll Fighter on Oct 28, 2020.
             Was a High Priest of Okawaru.
             Killed from afar by a blizzard demon (33 damage)
             ... with a bolt of cold
             ... created by a Zot trap
             ... on level 1 of the Realm of Zot on Nov 3, 2020.
             The game lasted 08:24:45 (71374 turns).

2bobheroes the Shatterer (Gnoll Fighter)           Turns: 71374, Time: 08:24:46

Health: -5/351     AC: 24    Str: 34    XL:     27
Magic:  1/53       EV: 22    Int: 12    God:    Okawaru [*****.]
Gold:   4817       SH:  0    Dex: 21    Spells: 4/61 levels left

rFire    + + +     SeeInvis .     - Unarmed
rCold    x . .     Gourm    .   (shield currently unavailable)
rNeg     . . .     Faith    .   (armour currently unavailable)
rPois    +         Spirit   .   (helmet currently unavailable)
rElec    .         Reflect  .   (cloak currently unavailable)
rCorr    .         Harm     .   (gloves currently unavailable)
MR       ++...                  (boots currently unavailable)
Stlth    ++++......             F - amulet of Vitality {Regen+ HP+15}
HPRegen  1.08/turn              B - ring of Robustness {AC+8}
MPRegen  0.33/turn              Z - ring of Fanuerchi {rF+ MP+9}

@: dragon-form, heroism, finesse, flying, contaminated, hasted and slowed,
glowing, studying 3 skills
A: giant, distributed training, screaming 1, strong nose
}: 4/15 runes: decaying, serpentine, silver, abyssal
a: End Transformation, Heroism, Finesse, Renounce Religion, Breathe Fire


You were on level 1 of the Realm of Zot.
You worshipped Okawaru.
Okawaru was extremely pleased with you.
You were not hungry.
You were a fearsome dragon!
You visited 10 branches of the dungeon, and saw 46 of its levels.
You visited the Abyss 2 times.
You also visited: Sewer, Ossuary, Gauntlet and Wizlab.

You collected 8735 gold pieces.
You spent 3918 gold pieces at shops.

Inventory:

Hand Weapons
 a - the +7 executioner's axe "Casojix" {freeze, +Fly}
   (Okawaru gifted it to you on level 2 of the Swamp)

   It has been specially enchanted to freeze those struck by it, causing extra
   injury to most foes and up to half again as much damage against particularly
   susceptible opponents.
   It can also slow down cold-blooded creatures.
   It lets you fly.
 b - the +12 Vampire's Tooth {vamp}
   (You acquired it on level 2 of the Elven Halls)

   It inflicts no extra harm, but heals its wielder when it wounds a living foe.
 K - the +9 staff of Olgreb {rPois∞}
   (You acquired it on level 3 of the Abyss)

   It grants immunity to poison.
 O - a +4 triple sword of holy wrath
 Q - the +7 sceptre of Torment {pain, torment}
   (You took it off a boggart on level 3 of the Depths)

   In the hands of one skilled in necromantic magic, it inflicts extra damage on
   living creatures.
 V - a +9 longbow of flaming
Missiles
 g - 15 silver boomerangs (quivered)
 h - 1732 arrows
 i - 9 javelins
 j - a boomerang of dispersal
 w - 27 silver javelins
 A - 5 datura-tipped darts
 I - 12 curare-tipped darts
Armour
 s - the +0 cloak "Pirph" (melded) {rF+ Int+3 SInv}
   (Okawaru gifted it to you on level 5 of the Lair of Beasts)

   It affects your intelligence (+3).
   It protects you from fire.
   It lets you see invisible.
 G - a +2 pair of boots (melded)
 H - a +2 hat of magic resistance (melded)
 U - a +4 troll leather armour (melded)
 W - a +2 pair of gloves of archery (melded)
Magical Staves
 R - an uncursed staff of wizardry (melded)
Jewellery
 q - a +4 ring of evasion
 x - the ring of Vyuz {rPois MR+}
   (You took it off a fire giant on level 2 of the Depths)

   [ring of poison resistance]

   It protects you from poison.
   It affects your resistance to hostile enchantments.
 z - an uncursed ring of protection from magic
 B - the ring of Robustness (left foreclaw) {AC+8}
   (You found it on level 6 of the Lair of Beasts)

   [ring of protection]

   It affects your AC (+8).
 F - the amulet of Vitality (around neck) {Regen+ HP+15}
   (You found it on level 1 of the Depths)

   [amulet of regeneration]

   It affects your health (+15).
   It increases your rate of regeneration.
 Z - the ring of Fanuerchi (right foreclaw) {rF+ MP+9}
   (You found it on level 6 of the Lair of Beasts)

   [ring of magical power]

   It protects you from fire.
   It affects your magic capacity (+9).
Wands
 c - a wand of polymorph (48)
 e - a wand of clouds (8)
 n - a wand of paralysis (53)
 C - a wand of enslavement (29)
 P - a wand of digging (5)
 X - a wand of acid (11)
Scrolls
 k - 14 scrolls of identify
 p - 5 scrolls of blinking
 v - 34 scrolls of teleportation
 J - 15 scrolls of fog
 L - 20 scrolls of remove curse
 S - a scroll of magic mapping
 T - 3 scrolls of silence
Potions
 d - 2 potions of might
 r - 24 potions of curing
 t - 10 potions of haste
 E - 7 potions of cancellation
 M - a potion of stabbing
 N - 5 potions of heal wounds
Books
 u - a manual of Maces & Flails
 y - a manual of Bows
 Y - a manual of Air Magic
Miscellaneous
 l - a phial of floods
 m - a phantom mirror
 o - a tin of tremorstones (3/3)
 D - 5 boxes of beasts
Comestibles
 f - 76 rations


   Skills:
 + Level 18.4(23.4) Fighting
 + Level 17.5(22.5) Short Blades
 + Level 18.0(23.0) Long Blades
 + Level 17.5(22.5) Axes
 + Level 21.8(26.8) Maces & Flails
 + Level 17.5(22.5) Polearms
 + Level 17.5(22.5) Staves
 + Level 17.5(22.5) Slings
 + Level 19.3(24.3) Bows
 + Level 17.5(22.5) Crossbows
 + Level 17.5(22.5) Throwing
 + Level 18.4(23.4) Armour
 + Level 17.5(22.5) Dodging
 + Level 17.5(22.5) Stealth
 + Level 18.4(23.4) Shields
 + Level 17.5(22.5) Unarmed Combat
 + Level 17.5 Spellcasting
 + Level 15.1 Conjurations
 + Level 15.1 Hexes
 + Level 15.1 Charms
 + Level 15.1 Summonings
 + Level 15.1 Necromancy
 + Level 15.1 Translocations
 + Level 15.1 Transmutations
 + Level 15.1 Fire Magic
 + Level 15.1 Ice Magic
 + Level 16.7 Air Magic
 + Level 15.1 Earth Magic
 + Level 15.1 Poison Magic
 + Level 18.8 Invocations
 + Level 17.5 Evocations


You had 4 spell levels left.
You knew the following spells:

 Your Spells              Type           Power        Failure   Level  Hunger
a - Summon Butterflies    Summ           #####...     0%          1    None
b - Blink                 Tloc           N/A          0%          2    None
c - Cause Fear            Hex            #####.....   1%          4    ##.....
d - Tukima's Dance        Hex            #####...     1%          3    None
e - Swiftness             Chrm/Air       #####...     0%          2    None
f - Animate Dead          Necr           N/A          1%          4    ##.....
g - Borgnjor's Vile Clut  Necr/Erth      #####.....   1%          5    ####...
h - Portal Projectile     Hex/Tloc       #####.       1%          3    None
i - Summon Mana Viper     Hex/Summ       #####...     1%          5    ####...
j - Vampiric Draining     Necr           #####.....   1%          3    None
k - Death Channel         Necr           #####.....   1%          6    ######.
l - Ring of Flames        Chrm/Fire      #####.....   10%         7    #######
m - Dragon Form           Tmut           #####.....   10%         7    #######
n - Summon Forest         Summ/Tloc      #####.....   1%          5    ####...

Your spell library contained the following spells:

 Spells                   Type           Power        Failure   Level  Hunger
 Animate Skeleton         Necr           N/A          0%          1    None
 Apportation              Tloc           #####.       0%          1    None
 Beastly Appendage        Tmut           #####.       0%          1    None
 Freeze                   Ice            ####         0%          1    None
 Infusion                 Chrm           ####         0%          1    None
 Magic Dart               Conj           ####         0%          1    None
 Pain                     Necr           ####         0%          1    None
 Shock                    Conj/Air       ####         0%          1    None
 Sting                    Tmut/Pois      ####         0%          1    None
 Summon Small Mammal      Summ           ####         0%          1    None
 Call Imp                 Summ           #####...     0%          2    None
 Corpse Rot               Necr/Air       N/A          0%          2    None
 Poisonous Vapours        Pois/Air       #####.       0%          2    None
 Searing Ray              Conj           #####.       0%          2    None
 Shroud of Golubria       Chrm/Tloc      #####.       0%          2    None
 Slow                     Hex            #####...     0%          2    None
 Song of Slaying          Chrm           #####...     0%          2    None
 Sticks to Snakes         Tmut           #####...     0%          2    None
 Sublimation of Blood     Necr           #####.....   0%          2    None
 Call Canine Familiar     Summ           #####...     1%          3    None
 Conjure Flame            Conj/Fire      #####...     1%          3    None
 Dazzling Flash           Conj/Hex       #####.       1%          3    None
 Frozen Ramparts          Ice            #####.       1%          3    None
 Gell's Gravitas          Tloc           #####.....   1%          3    None
 Ignite Poison            Fire/Tmut/Pois #####...     1%          3    None
 Lesser Beckoning         Tloc           #####.....   1%          3    None
 Mephitic Cloud           Conj/Pois/Air  #####...     1%          3    None
 Ozocubu's Armour         Chrm/Ice       #####...     1%          3    None
 Recall                   Summ/Tloc      N/A          1%          3    None
 Spectral Weapon          Hex/Chrm       #####...     1%          3    None
 Spider Form              Tmut/Pois      #####.....   1%          3    None
 Static Discharge         Conj/Air       #####...     1%          3    None
 Stone Arrow              Conj/Erth      #####.       1%          3    None
 Summon Guardian Golem    Hex/Summ       #####...     1%          3    None
 Airstrike                Air            ######....   1%          4    ##.....
 Dispel Undead            Necr           #####...     1%          4    ##.....
 Fulminant Prism          Conj/Hex       #####.....   1%          4    ##.....
 Hailstorm                Conj/Ice       #####...     1%          4    ##.....
 Ice Form                 Ice/Tmut       #####...     1%          4    ##.....
 Iskenderun's Mystic Bla  Conj/Tloc      #####...     1%          4    ##.....
 Summon Ice Beast         Ice/Summ       #####...     1%          4    ##.....
 Summon Lightning Spire   Summ/Air       #####...     1%          4    ##.....
 Agony                    Necr           #####...     1%          5    ####...
 Alistair's Intoxication  Tmut/Pois      #####...     1%          5    ####...
 Aura of Abjuration       Summ           #####.....   1%          5    ####...
 Blade Hands              Tmut           #####.....   1%          5    ####...
 Bolt of Magma            Conj/Fire/Erth #####.....   1%          5    ####...
 Excruciating Wounds      Chrm/Necr      #####.....   1%          5    ####...
 Fireball                 Conj/Fire      #####.....   1%          5    ####...
 Irradiate                Conj/Tmut      #####.....   1%          5    ####...
 Iskenderun's Battlesphe  Conj/Chrm      #####...     1%          5    ####...
 Lightning Bolt           Conj/Air       #####.....   1%          5    ####...
 Metabolic Englaciation   Hex/Ice        #####.....   1%          5    ####...
 Silence                  Hex/Air        #####.....   1%          5    ####...
 Summon Demon             Summ           #####.....   1%          5    ####...
 Yara's Violent Unravell  Hex/Tmut       #####.....   1%          5    ####...
 Dispersal                Tloc           #####.....   1%          6    ######.
 Eringya's Noxious Bog    Tmut/Pois      #####.....   1%          6    ######.
 Freezing Cloud           Conj/Ice/Air   #####.....   1%          6    ######.
 Hydra Form               Tmut           #####.....   1%          6    ######.
 Invisibility             Hex            #####...     1%          6    ######.
 Iron Shot                Conj/Erth      #####.....   1%          6    ######.
 Ozocubu's Refrigeration  Ice            #####.....   1%          6    ######.
 Shadow Creatures         Summ           N/A          1%          6    ######.
 Simulacrum               Ice/Necr       #####.....   1%          6    ######.
 Starburst                Conj/Fire      #####.....   1%          6    ######.
 Statue Form              Tmut/Erth      #####....    1%          6    ######.
 Malign Gateway           Summ/Tloc      #####.....   10%         7    #######
 Orb of Destruction       Conj           #####.....   10%         7    #######
 Spellforged Servitor     Conj/Summ      #####.....   10%         7    #######
 Summon Hydra             Summ           #####.....   10%         7    #######
 Controlled Blink         Tloc           N/A          58%         8    #######
 Discord                  Hex            #####.....   58%         8    #######
 Disjunction              Tloc           #####.....   58%         8    #######
 Ignition                 Fire           #####.....   58%         8    #######
 Tornado                  Air            ######....   99%         9    #######
 Shatter                  Erth           #####.....   100%        9    #######


Dungeon Overview and Level Annotations

Branches:
Dungeon (15/15)            Temple (1/1) D:4            Lair (6/6) D:9
  Swamp (4/4) Lair:4        Snake (4/4) Lair:4        Slime (0/5) Lair:6
    Orc (2/2) D:12            Elf (3/3) Orc:2        Vaults (5/5) D:13
  Crypt (0/3) Vaults:2     Depths (5/5) D:15            Zot (1/5) Depths:5
  Sewer (visited)         Ossuary (visited)          WizLab (visited)
Gauntlet (visited)

Altars:
Ashenzari
Cheibriados
Dithmenos
Elyvilon
Fedhas
Gozag
Hepliaklqana
Kikubaaqudgha
Makhleb
Nemelex Xobeh
Okawaru
Qazlal
Ru
Sif Muna
Trog
Uskayaw
Vehumet
Wu Jian
Xom
Yredelemnul
Zin
The Shining One
Beogh
Jiyva

Shops:
D:6 ?   D:12 %   D:14 !   D:15 :   Orc:1 =   Orc:2 (=[**   Elf:2 *   Vaults:2 :
Vaults:4 =   Depths:5 *

Portals:
Hell: Depths:1 Depths:2 Depths:3 Depths:4 Depths:5
Abyss: Depths:3 Depths:5
Pandemonium: Depths:3
Ziggurat: Depths:1

Annotations:
D:7 pokeman's ghost, novice DEWz


Innate Abilities, Weirdness & Mutations

Your experience applies equally to all skills.
((You have very sharp teeth.))
Your uncanny sense of smell can sniff out nearby items.
((You have sharp fingernails.))
((You are partially covered in slimy green scales. (AC +2)))
You occasionally shout uncontrollably at your foes.
((Your movements are slightly less encumbered by armour. (ER -2)))


Message History

You blink.
As you read the scroll of blinking, it crumbles to dust.
The green draconian is no longer berserk.
The purple draconian rages.
You hear a loud "Zot"!
The power of Zot is invoked against you!
You sense a hostile presence.
Found a scroll of identify.
A blizzard demon comes into view.
You feel much better.
The green draconian is no longer berserk.
The death cob hits you!
* * * LOW HITPOINT WARNING * * *
The death cob drains your vigour!
You feel as though you will be slow longer.
The black draconian rages.
The white draconian barely misses you. The blizzard demon gestures at you.
The bolt of cold hits you!!
You feel a terrible chill!
You die...

#.?)........# ###..#
#######.....########
##..+
.....###...###.....##
..#
......##...##.......#
#
.≈≈≈...#§dd#...≈≈≈..?
≈≈≈≈≈..#.d^#..≈≈≈≈≈..
.≈≈≈.....d.y...≈≈≈...
......./§d.dd2......#
..(........dzD.....#
#...........y.....##
...................#
....................#
.........(...........
≈≈≈≈...........≈≈≈≈..
≈≈≈≈.........≈≈≈≈≈≈.
........≈≈≈≈≈≈.


You could see a black draconian (berserk), 2 draconians, a purple draconian
(berserk), a red draconian (berserk), 3 draconians, a death cob, a blizzard
demon and 2 moths of wrath.

Vanquished Creatures
  An orb of fire (Zot:1)
  An ancient lich (Vaults:5)
  The ghost of Tang the Slayer, a master DsGl of Makhleb (Vaults:3)
  Sojobo (Depths:1)
  5 caustic shrikes (Depths:2)
  Vashnia (Snake:2)
  Nikola (Snake:2)
  6 golden dragons
  the Enchantress (Depths:4)
  Jorgrun (Swamp:1)
  An electric golem (Zot:1)
  The ghost of Xutext the Spry, an adept DsAK of Lugonu (Depths:5)
  A Brimstone Fiend (WizLab)
  10 tentacled monstrosities
  2 deep elf blademasters (Elf:3)
  Rupert (D:13)
  2 liches
  2 deep elf master archers (Elf:3)
  2 quicksilver dragons (Vaults:5)
  9 sphinxes
  2 titans (Vaults:5)
  8 tentacled starspawn
  7 shadow dragons
  15 tengu reavers
  A kraken (Abyss:3)
  Kirke (Swamp:1)
  Agnes (Depths:1)
  A thorn hunter (Swamp:1)
  6 storm dragons
  A draconian monk (Zot:1)
  Donald (Vaults:3)
  An azure jelly (Swamp:4)
  13 nagarajas
  9 frost giants
  The ghost of reggie the Thaumaturge, a journeyman DrWz of Sif Muna (Swamp:3)
  Aizul (Snake:2)
  9 deep elf sorcerers
  2 draconian knights
  11 fire giants
  A balrug (WizLab)
  4 iron dragons
  A caustic shrike zombie (Depths:4)
  14 vault wardens
  Louise (D:15)
  The ghost of littlecub the Fighter, a journeyman DsGl of Hepliaklqana (Snake:2)
  2 reapers (WizLab)
  5 deep elf elementalists (Elf:3)
  3 draconian stormcallers
  A juggernaut skeleton (Depths:4)
  16 ironheart preservers
  4 spriggan defenders
  20 stone giants
  2 entropy weavers (Vaults:4)
  Nessos (D:15)
  22 very ugly things
  3 black draconians
  An entropy weaver (shapeshifter) (Elf:1)
  3 green draconians
  25 starcursed masses
  2 yellow draconians
  3 lorocyprocas
  6 deep elf demonologists
  2 vampire knights
  A minotaur (Gauntlet)
  2 purple draconians
  A white draconian (Depths:5)
  A red draconian (Zot:1)
  7 deep elf annihilators
  7 spark wasps
  15 ettins
  The ghost of Darubir the Archer, a journeyman CeAM of Okawaru (Lair:5)
  2 green deaths (WizLab)
  7 fire dragons
  9 deep elf death magi
  8 deep elf high priests
  16 yaktaur captains
  15 great orbs of eyes
  Fannar (Lair:3)
  17 hydras
  25 naga warriors
  3 rakshasas
  15 ice dragons
  36 vault guards
  2 great orbs of eyes (shapeshifter)
  5 shambling mangroves
  8 spriggan air magi
  4 catoblepae
  5 ghost crabs
  9 centaur warriors
  17 anacondas
  4 death knights
  49 two-headed ogres
  A two-headed ogre (shapeshifter) (Vaults:5)
  7 alligators
  8 death yaks
  7 deep troll shamans
  A death scarab (Gauntlet)
  14 ogre magi
  9 thrashing horrors
  9 tengu warriors
  17 naga sharpshooters
  7 deep troll earth magi
  28 dancing weapons
  Urug (D:11)
  5 orc high priests (Orc:2)
  2 soul eaters
  7 wretched stars
  15 spriggans
  6 spriggan berserkers
  A vampire mage (Depths:4)
  8 shock serpents
  Sonja (D:13)
  13 deep elf knights
  6 iron trolls
  A fire crab (shapeshifter) (Vaults:3)
  5 sun demons
  4 spatial maelstroms (Abyss:3)
  2 fire crabs
  8 hell knights
  3 salamander mystics
  11 skeletal warriors
  A sixfirhy (Abyss:3)
  3 shadow wraiths
  A spriggan druid (Swamp:4)
  A titan skeleton (Depths:4)
  25 deep trolls
  9 swamp dragons
  5 flayed ghosts
  9 naga ritualists
  10 deep elf archers
  16 ironbrand convokers
  A deep troll (shapeshifter) (Vaults:1)
  5 unseen horrors
  3 phantasmal warriors (Vaults:5)
  3 harpies (Vaults:5)
  7 glowing orange brains
  4 lindwurms (Snake:4)
  6 wizards
  A wolf spider zombie (Abyss:2)
  18 orc knights
  An obsidian statue (Depths:5)
  9 necromancers
  12 large abominations
  16 mana vipers
  6 wolf spiders
  5 cyclopes
  A faun (shapeshifter) (Vaults:2)
  2 stone giant zombies
  56 deep elf magi
  3 oklob plants (Lair:1)
  A shadow dragon skeleton (Vaults:3)
  2 worldbinders
  15 salamanders
  29 ugly things
  4 manticores
  2 orc sorcerers
  2 moths of wrath (Zot:1)
  A fire giant skeleton (Depths:3)
  8 elephants
  16 vault sentinels
  2 apocalypse crabs
  17 naga magi
  2 rust devils (Abyss:2)
  A stone giant skeleton (Vaults:3)
  2 black mambas (shapeshifter)
  Maurice (D:13)
  An elephant (shapeshifter) (Vaults:5)
  13 guardian serpents
  39 black mambas
  An eye of devastation (Abyss:2)
  2 guardian serpents (shapeshifter)
  A torpor snail (Lair:5)
  Joseph (D:9)
  5 centaur skeletons
  2 yaktaur zombies
  A gargoyle (D:11)
  4 smoke demons
  Maggie (Lair:1)
  19 spiny frogs
  2 rime drakes
  A yaktaur (shapeshifter) (Vaults:4)
  5 komodo dragons
  A komodo dragon (shapeshifter) (D:15)
  16 freezing wraiths
  32 yaktaurs
  3 ice devils
  A rime drake (shapeshifter) (Depths:4)
  2 human skeletons (Vaults:3)
  3 efreet
  A kobold demonologist (D:15)
  A silent spectre (Abyss:3)
  4 tengu conjurers
  7 ancient zymes
  A jumping spider (shapeshifter) (Vaults:4)
  A queen bee (shapeshifter) (Depths:4)
  A wind drake (shapeshifter) (Vaults:5)
  3 meliai (Lair:5)
  A polar bear (shapeshifter) (Vaults:2)
  A queen bee (Lair:5)
  6 trolls
  8 tyrant leeches
  A troll (shapeshifter) (Depths:2)
  A nameless horror (Abyss:3)
  11 bog bodies
  4 polar bears
  76 slime creatures
  21 hornets
  26 blink frogs
  11 hippogriffs
  A blink frog (shapeshifter) (D:15)
  A harpy skeleton (D:15)
  A frost giant simulacrum (Vaults:5)
  2 hippogriffs (shapeshifter)
  13 dream sheep
  A stone giant simulacrum (Depths:1)
  3 flying skulls (Gauntlet)
  20 raiju
  3 redbacks (Vaults:4)
  A redback (shapeshifter) (Vaults:3)
  4 shadows
  A tarantella (Vaults:4)
  An air elemental (Elf:1)
  A vampire (D:14)
  6 water elementals
  5 wraiths
  2 spriggans (shapeshifter)
  2 wyverns
  3 fire elementals
  2 hogs (Swamp:1)
  72 yaks
  A steam dragon (D:9)
  3 fire bats (Gauntlet)
  11 ynoxinuls
  A human (shapeshifter) (Vaults:3)
  20 humans (D:13)
  A basilisk (Lair:6)
  3 neqoxecs
  2 golden eyes (Abyss:3)
  A hog (shapeshifter) (D:15)
  A hungry ghost (D:11)
  6 swamp worm simulacra (Swamp:4)
  4 chaos spawn
  3 spatial vortices (Abyss:3)
  A spectral spiny frog (Gauntlet)
  16 vampire mosquitoes
  5 wargs
  2 soldier ants (shapeshifter)
  17 swamp worms
  4 soldier ants
  6 insubstantial wisps
  47 nagas
  6 acid dragons
  14 hydra simulacra (Swamp:4)
  A floating eye (Depths:4)
  A water moccasin (shapeshifter) (Elf:3)
  2 porcupines
  21 water moccasins
  3 hell hounds (Gauntlet)
  7 swamp drakes
  A floating eye (shapeshifter) (Depths:5)
  A meliai simulacrum (D:14)
  5 ice beasts
  5 sky beasts
  4 black bears
  An eye of draining (D:11)
  A black bear (shapeshifter) (Depths:4)
  A necrophage (D:10)
  49 orc warriors
  6 phantoms
  2 eyes of draining (shapeshifter)
  26 boggarts
  9 centaurs
  36 ogres
  13 wolves
  10 crocodiles
  An elf zombie (Abyss:2)
  10 bullfrogs
  13 big kobolds
  A gnoll sergeant (D:7)
  4 earth elementals
  A wyvern skeleton (D:14)
  4 scorpions
  38 killer bees
  A killer bee (shapeshifter) (Depths:3)
  3 wights (D:9)
  2 electric eels
  6 howler monkeys
  5 crimson imps
  6 centaur zombies
  4 bullfrog zombies
  5 quasits
  22 small abominations
  12 hounds
  A jelly (D:10)
  29 orc priests
  25 orc wizards
  Ijyb (D:3)
  Terence (D:3)
  9 iguanas
  5 hell rats (Lair:4)
  13 worker ants
  A killer bee zombie (D:8)
  A naga zombie (Abyss:3)
  2 big kobold zombies (Ossuary)
  A hound skeleton (D:8)
  5 mummies
  A worker ant zombie (D:8)
  A gnoll (shapeshifter) (Vaults:5)
  36 adders
  11 gnolls
  7 river rats (Sewer)
  6 shadow imps
  3 ufetubi
  2 swamp drake simulacra (Swamp:4)
  4 oozes
  An adder skeleton (D:7)
  A worm (shapeshifter) (Vaults:5)
  A worm (D:5)
  8 leopard geckos
  102 orcs
  3 ball pythons
  11 giant cockroaches
  8 goblins
  7 hobgoblins
  19 jackals
  3 quokkas
  8 bats
  5 frilled lizards
  A goblin zombie (D:8)
  2 hobgoblin zombies (Ossuary)
  A jackal skeleton (D:4)
  23 kobolds
  An orc zombie (D:8)
  A quokka zombie (D:5)
  25 rats
  A butterfly (Lair:3)
  5 crawling corpses
  A fungus (Lair:5)
  A lurking horror (Abyss:3)
  25 plants
  6 starspawn tentacles
  A tentacle (Abyss:3)
2568 creatures vanquished.

Vanquished Creatures (collateral kills)
  An ironheart preserver (Vaults:2)
  2 deep elf demonologists
  5 naga sharpshooters (Snake:2)
  A deep elf archer (Elf:3)
  A deep elf mage (Elf:1)
  A black mamba (Snake:2)
  A hog (Swamp:1)
  A neqoxec (WizLab)
  2 nagas (Snake:2)
15 creatures vanquished.

Vanquished Creatures (others)
  An ironheart preserver (Vaults:1)
  A deep elf demonologist (Elf:3)
  A deep elf annihilator (Elf:3)
  A naga sharpshooter (Snake:2)
  2 alligators
  A salamander mystic (Snake:4)
  A spriggan druid (Swamp:2)
  A deep elf mage (Elf:2)
  A smoke demon (Abyss:3)
  A spiny frog (Lair:6)
  A kobold demonologist (D:12)
  A shadow imp (D:15)
  An ufetubus (Abyss:3)
  A bush (Lair:4)
  A crawling corpse (Vaults:5)
  13 fungi
  A lurking horror (Abyss:3)
  28 plants
  23 starspawn tentacles
  12 tentacles (Abyss:3)
93 creatures vanquished.

Grand Total: 2676 creatures vanquished

Notes
Turn   | Place    | Note
-------+----------+-------------------------------------------
     0 | D:1      | 2bobheroes the Gnoll Fighter began the quest for the Orb.
     0 | D:1      | Reached XP level 1. HP: 23/23 MP: 1/1
   120 | D:1      | Reached XP level 2. HP: 29/29 MP: 2/2
   461 | D:1      | Reached XP level 3. HP: 35/35 MP: 3/3
  1201 | D:2      | Reached skill level 1 in Invocations
  1631 | D:2      | Found a radiant altar of Vehumet.
  1633 | D:2      | Found a blossoming altar of Fedhas.
  1635 | D:2      | Found a stormy altar of Qazlal.
  1636 | D:2      | Found a bloodstained altar of Trog.
  1656 | D:2      | Reached skill level 1 in Short Blades
  1656 | D:2      | Reached skill level 1 in Axes
  1656 | D:2      | Reached skill level 1 in Maces & Flails
  1656 | D:2      | Reached skill level 1 in Polearms
  1656 | D:2      | Reached skill level 1 in Staves
  1656 | D:2      | Reached skill level 1 in Slings
  1656 | D:2      | Reached skill level 1 in Bows
  1656 | D:2      | Reached skill level 1 in Crossbows
  1656 | D:2      | Reached skill level 1 in Throwing
  1656 | D:2      | Reached skill level 1 in Dodging
  1656 | D:2      | Reached skill level 1 in Stealth
  1656 | D:2      | Reached skill level 1 in Unarmed Combat
  1656 | D:2      | Reached skill level 1 in Spellcasting
  1656 | D:2      | Reached skill level 1 in Evocations
  1656 | D:2      | Reached XP level 4. HP: 34/41 MP: 5/5
  2012 | D:3      | Reached skill level 1 in Conjurations
  2012 | D:3      | Reached skill level 1 in Hexes
  2012 | D:3      | Reached skill level 1 in Charms
  2012 | D:3      | Reached skill level 1 in Summonings
  2012 | D:3      | Reached skill level 1 in Necromancy
  2012 | D:3      | Reached skill level 1 in Translocations
  2012 | D:3      | Reached skill level 1 in Transmutations
  2012 | D:3      | Reached skill level 1 in Fire Magic
  2012 | D:3      | Reached skill level 1 in Ice Magic
  2012 | D:3      | Reached skill level 1 in Air Magic
  2012 | D:3      | Reached skill level 1 in Earth Magic
  2012 | D:3      | Reached skill level 1 in Poison Magic
  2177 | D:3      | Reached XP level 5. HP: 29/47 MP: 6/6
  2283 | D:3      | Found a glowing drain.
  2307 | Sewer    | Entered a sewer
  2861 | Sewer    | Reached XP level 6. HP: 49/53 MP: 8/8
  3130 | Sewer    | Reached skill level 5 in Long Blades
  3130 | Sewer    | Reached skill level 2 in Maces & Flails
  3543 | D:3      | Noticed Ijyb
  3557 | D:3      | Killed Ijyb
  3758 | D:3      | Noticed Terence
  3773 | D:3      | Killed Terence
  4044 | D:4      | Reached XP level 7. HP: 34/59 MP: 10/10
  4634 | D:4      | Reached XP level 8. HP: 44/67 MP: 12/12
  5184 | D:4      | Found a staircase to the Ecumenical Temple.
  5193 | Temple   | Entered the Ecumenical Temple
  5279 | Temple   | Became a worshipper of Warmaster Okawaru
  5384 | D:5      | Entered Level 5 of the Dungeon
  5453 | D:4      | Reached skill level 3 in Maces & Flails
  6094 | D:5      | Got a faintly glowing chain mail
  6114 | D:5      | Identified the cursed +1 chain mail of Ruvaoc {Harm Dex+5}
                  | (You found it on level 5 of the Dungeon)
  6298 | D:6      | Found Xaanlext's Magic Scroll Shoppe.
  6308 | D:6      | Reached * piety under Okawaru
  6327 | D:6      | Bought a scroll of blinking for 97 gold pieces
  6327 | D:6      | Bought a scroll of random uselessness for 13 gold pieces
  6327 | D:6      | Bought a scroll of identify for 26 gold pieces
  6327 | D:6      | Bought a scroll of identify for 26 gold pieces
  6327 | D:6      | Bought a scroll of fog for 26 gold pieces
  6695 | D:6      | Reached XP level 9. HP: 72/72 MP: 14/14
  6859 | D:6      | Reached ** piety under Okawaru
  7276 | D:7      | Found an ancient bone altar of Kikubaaqudgha.
  7310 | D:7      | Reached skill level 4 in Maces & Flails
  7569 | D:7      | Found a runed translucent gate.
  7570 | D:7      | Found a runed translucent gate.
  7570 | D:7      | Noticed pokeman's ghost (novice DEWz)
  7571 | D:7      | Found a runed translucent gate.
  7778 | D:7      | Got a heavily runed jade ring
  8381 | D:7      | Reached *** piety under Okawaru
  8501 | D:8      | Found a sand-covered staircase.
  8509 | Ossuary  | Entered an ossuary
  8521 | Ossuary  | Reached skill level 5 in Invocations
  8834 | D:8      | Reached XP level 10. HP: 42/80 MP: 15/17
  9346 | D:8      | Reached **** piety under Okawaru
  9451 | D:9      | Reached skill level 5 in Short Blades
  9451 | D:9      | Reached skill level 5 in Axes
  9451 | D:9      | Reached skill level 5 in Maces & Flails
  9451 | D:9      | Reached skill level 5 in Polearms
  9451 | D:9      | Reached skill level 5 in Staves
  9451 | D:9      | Reached skill level 5 in Slings
  9451 | D:9      | Reached skill level 5 in Bows
  9451 | D:9      | Reached skill level 5 in Crossbows
  9451 | D:9      | Reached skill level 5 in Throwing
  9451 | D:9      | Reached skill level 5 in Dodging
  9451 | D:9      | Reached skill level 5 in Stealth
  9451 | D:9      | Reached skill level 5 in Unarmed Combat
  9451 | D:9      | Reached skill level 5 in Spellcasting
  9451 | D:9      | Reached skill level 5 in Evocations
  9551 | D:9      | Noticed Joseph
  9589 | D:9      | Killed Joseph
  9731 | D:9      | Reached ***** piety under Okawaru
  9754 | D:9      | Found a staircase to the Lair.
  9852 | D:9      | You fall into a shaft and drop 3 floors!
 10002 | D:11     | Noticed a two-headed ogre
 10033 | D:11     | Killed a two-headed ogre
 10033 | D:11     | Received a gift from Okawaru
 10036 | D:11     | Got an ancient ring mail {god gift}
 10047 | D:11     | Identified the +4 ring mail of Eternal Night {rElec Str-5
                  | Dex-3 Slay+4} (Okawaru gifted it to you on level 11 of the
                  | Dungeon)
 10140 | D:11     | Noticed a skeletal warrior
 10141 | D:11     | Noticed a skeletal warrior
 10141 | D:11     | Noticed a skeletal warrior
 10192 | D:11     | Killed a skeletal warrior
 10192 | D:11     | Reached XP level 11. HP: 29/87 MP: 12/19
 10199 | D:11     | Killed a skeletal warrior
 10556 | D:11     | Noticed a skeletal warrior
 10610 | D:11     | Killed a skeletal warrior
 10610 | D:11     | Reached skill level 6 in Maces & Flails
 10610 | D:11     | Reached skill level 5 in Conjurations
 10610 | D:11     | Reached skill level 5 in Hexes
 10610 | D:11     | Reached skill level 5 in Charms
 10610 | D:11     | Reached skill level 5 in Summonings
 10610 | D:11     | Reached skill level 5 in Necromancy
 10610 | D:11     | Reached skill level 5 in Translocations
 10610 | D:11     | Reached skill level 5 in Transmutations
 10610 | D:11     | Reached skill level 5 in Fire Magic
 10610 | D:11     | Reached skill level 5 in Ice Magic
 10610 | D:11     | Reached skill level 5 in Air Magic
 10610 | D:11     | Reached skill level 5 in Earth Magic
 10610 | D:11     | Reached skill level 5 in Poison Magic
 10647 | D:11     | Killed a skeletal warrior
 10716 | D:10     | Entered Level 10 of the Dungeon
 11095 | D:10     | Identified the cursed ring "Fitaudyud" {rElec rF+ Str-4}
                  | (You found it on level 7 of the Dungeon)
 11427 | Lair:1   | Entered Level 1 of the Lair of Beasts
 11757 | Lair:1   | Noticed Maggie
 11773 | Lair:1   | Killed Maggie
 11773 | Lair:1   | Received a gift from Okawaru
 11843 | Lair:1   | Noticed an oklob plant
 11843 | Lair:1   | Noticed an oklob plant
 11853 | Lair:1   | Noticed an oklob plant
 11935 | Lair:1   | Killed an oklob plant
 12061 | Lair:1   | Reached XP level 12. HP: 54/96 MP: 22/22
 12310 | Lair:1   | Noticed a five-headed hydra
 12332 | Lair:1   | Killed a five-headed hydra
 12332 | Lair:1   | Received a gift from Okawaru
 12347 | Lair:1   | Reached skill level 7 in Maces & Flails
 12776 | Lair:1   | Received a gift from Okawaru
 13286 | Lair:2   | Identified Diuw's Collected Works on the Creative Glacier
 13312 | Lair:2   | Learned a level 1 spell: Summon Butterflies
 13315 | Lair:2   | Learned a level 2 spell: Blink
 13578 | Lair:2   | Received a gift from Okawaru
 13628 | Lair:2   | Got a crude trident {god gift}
 13629 | Lair:2   | Identified the +7 trident of Xegeiwn {vorpal, *Corrode
                  | rPois Int+2 SInv} (Okawaru gifted it to you on level 2 of
                  | the Lair of Beasts)
 14216 | Lair:3   | Noticed Fannar
 14231 | Lair:3   | Killed Fannar
 14231 | Lair:3   | Reached skill level 10 in Fighting
 14231 | Lair:3   | Reached skill level 10 in Armour
 14231 | Lair:3   | Reached skill level 10 in Shields
 14923 | Lair:4   | Learned a level 4 spell: Cause Fear
 14933 | Lair:4   | Found a staircase to the Snake Pit.
 14948 | Lair:4   | Got a smoking tower shield
 14959 | Lair:4   | Identified the +3 tower shield of the Dolphin {rN+ Int+3}
                  | (You found it on level 4 of the Lair of Beasts)
 15024 | Lair:4   | Reached XP level 13. HP: 98/103 MP: 24/24
 15081 | Lair:4   | Received a gift from Okawaru
 15496 | Lair:4   | Reached skill level 8 in Maces & Flails
 15511 | Lair:4   | Received a gift from Okawaru
 16481 | Lair:4   | Found a staircase to the Swamp.
 16908 | Lair:5   | Received a gift from Okawaru
 17266 | Lair:5   | Received a gift from Okawaru
 17275 | Lair:5   | Got a fine cloak {god gift}
 17281 | Lair:5   | Identified the +0 cloak "Pirph" {rF+ Int+3 SInv} (Okawaru
                  | gifted it to you on level 5 of the Lair of Beasts)
 17615 | Lair:5   | Found a runed translucent door.
 17619 | Lair:5   | Identified the +4 spear "Wequcoir" {speed, *Slow rC+ Int+2}
 17623 | Lair:5   | Noticed Darubir's ghost (journeyman CeAM)
 17979 | Lair:5   | Reached XP level 14. HP: 111/111 MP: 26/26
 18350 | Lair:6   | Entered Level 6 of the Lair of Beasts
 18716 | Lair:6   | Reached skill level 10 in Long Blades
 18988 | Lair:6   | Reached skill level 9 in Maces & Flails
 19466 | Lair:6   | Learned a level 3 spell: Tukima's Dance
 19501 | Lair:6   | Found a viscous altar of Jiyva.
 19501 | Lair:6   | Found a staircase to the Slime Pits.
 19838 | Lair:6   | Found the ring of Robustness {AC+8}
 20089 | Lair:6   | Received a gift from Okawaru
 20103 | Lair:6   | Reached skill level 10 in Invocations
 20759 | Lair:6   | Got a flickering platinum ring
 20764 | Lair:6   | Identified the ring of Fanuerchi {rF+ MP+9} (You found it
                  | on level 6 of the Lair of Beasts)
 21000 | Lair:5   | Reached ****** piety under Okawaru
 21000 | Lair:5   | Received a gift from Okawaru
 21055 | Lair:5   | Got an ebony quick blade {god gift}
 21056 | Lair:5   | Identified the +3 quick blade of Laceration {flame, Int+4}
                  | (Okawaru gifted it to you on level 5 of the Lair of Beasts)
 21118 | Lair:5   | Killed Darubir's ghost
 22330 | D:11     | Reached XP level 15. HP: 114/119 MP: 28/28
 22990 | D:11     | Noticed Urug
 23003 | D:11     | Killed Urug
 23689 | D:12     | Received a gift from Okawaru
 23810 | D:12     | Learned a level 2 spell: Swiftness
 23946 | D:12     | Found Plog's Food Shop.
 24314 | D:12     | Found a staircase to the Orcish Mines.
 24652 | Orc:1    | Entered Level 1 of the Orcish Mines
 24832 | Orc:1    | Received a gift from Okawaru
 25035 | Orc:1    | Found a roughly hewn altar of Beogh.
 25049 | Orc:2    | Entered Level 2 of the Orcish Mines
 25063 | Orc:2    | Found Mones's General Store.
 25071 | Orc:2    | Bought a scroll of fog for 32 gold pieces
 25082 | Orc:2    | Found a staircase to the Elven Halls.
 25417 | Orc:2    | Found a roughly hewn altar of Beogh.
 25784 | Orc:2    | Received a gift from Okawaru
 26396 | Orc:2    | Received a gift from Okawaru
 26471 | Orc:1    | Reached skill level 10 in Short Blades
 26471 | Orc:1    | Reached skill level 10 in Axes
 26471 | Orc:1    | Reached skill level 10 in Maces & Flails
 26471 | Orc:1    | Reached skill level 10 in Polearms
 26471 | Orc:1    | Reached skill level 10 in Staves
 26471 | Orc:1    | Reached skill level 10 in Slings
 26471 | Orc:1    | Reached skill level 10 in Bows
 26471 | Orc:1    | Reached skill level 10 in Crossbows
 26471 | Orc:1    | Reached skill level 10 in Throwing
 26471 | Orc:1    | Reached skill level 10 in Dodging
 26471 | Orc:1    | Reached skill level 10 in Stealth
 26471 | Orc:1    | Reached skill level 10 in Unarmed Combat
 26471 | Orc:1    | Reached skill level 10 in Spellcasting
 26471 | Orc:1    | Reached skill level 10 in Evocations
 26920 | Orc:2    | Found Tuzashos's General Store.
 26920 | Orc:2    | Found Hichiphu's Antique Weapon Boutique.
 26922 | Orc:2    | Found Atsammal's Antique Armour Shop.
 26922 | Orc:2    | Found Bulaoplo's Jewellery Boutique.
 26930 | Orc:2    | Bought a scroll of enchant armour for 105 gold pieces
 26930 | Orc:2    | Bought a potion of heal wounds for 70 gold pieces
 26937 | Orc:2    | Bought a cursed -4 ring of protection for 22 gold pieces
 26937 | Orc:2    | Bought a cursed -4 ring of dexterity for 22 gold pieces
 26939 | Orc:2    | Bought a glowing hunting sling for 126 gold pieces
 27377 | Orc:1    | You fall into a shaft and drop 1 floor!
 27447 | Orc:1    | Found Meschozu's Jewellery Boutique.
 27466 | Orc:1    | Bought a cursed -4 ring of slaying for 30 gold pieces
 27466 | Orc:1    | Bought an uncursed ring of protection from magic for 375
                  | gold pieces
 27558 | D:13     | Noticed Maurice
 27618 | D:13     | Found a gate leading to a gauntlet.
 27628 | Gauntlet | Entered a Gauntlet
 27628 | Gauntlet | Found a runed translucent gate.
 27628 | Gauntlet | Found a transporter.
 27628 | Gauntlet | Found a transporter.
 27628 | Gauntlet | Found a transporter.
 27631 | Gauntlet | Found a runed translucent gate.
 27632 | Gauntlet | Found a runed translucent gate.
 27639 | Gauntlet | Found a transporter.
 27642 | Gauntlet | Found a transporter.
 27646 | Gauntlet | Found a runed translucent door.
 27646 | Gauntlet | Found a runed translucent door.
 27650 | Gauntlet | Found a transporter.
 27653 | Gauntlet | Found a transporter.
 27661 | Gauntlet | Found a transporter.
 27675 | Gauntlet | Found a large runed translucent door.
 27676 | Gauntlet | Found a large runed translucent door.
 27677 | Gauntlet | Found a large runed translucent door.
 27677 | Gauntlet | Found a large runed translucent door.
 27678 | Gauntlet | Found a runed translucent gate.
 27679 | Gauntlet | Found a transporter.
 27679 | Gauntlet | Found a runed translucent gate.
 27680 | Gauntlet | Found a runed translucent gate.
 27681 | Gauntlet | Found a large runed translucent door.
 27681 | Gauntlet | Found a large runed translucent door.
 27681 | Gauntlet | Found a runed translucent door.
 27681 | Gauntlet | Found a runed translucent door.
 27682 | Gauntlet | Found a large runed translucent door.
 27683 | Gauntlet | Found a large runed translucent door.
 27685 | Gauntlet | Found a transporter.
 27688 | Gauntlet | Found a transporter.
 27700 | Gauntlet | Found a transporter.
 27792 | Gauntlet | Identified Manowed's Collected Works on Creative Attacks
 27969 | Gauntlet | Got an ancient rapier
 27970 | Gauntlet | Identified the cursed +1 rapier "Ocwelapt" {drain, rC+ rN+
                  | Int+4 Stlth-} (You found it in a Gauntlet)
 27975 | Gauntlet | Got a warped mace
 27976 | Gauntlet | Identified the +8 mace "Orb Guardian's Regret" {vorpal,
                  | rElec rF+ Str+4} (You found it in a Gauntlet)
 28078 | D:13     | Killed Maurice
 28476 | D:13     | Reached XP level 16. HP: 127/127 MP: 30/30
 28494 | D:13     | Found a gate to the Vaults.
 28617 | D:13     | Noticed Rupert
 28625 | D:13     | Paralysed by Rupert for 7 turns
 28641 | D:13     | Killed Rupert
 28642 | D:13     | Noticed Sonja
 28646 | D:13     | Killed Sonja
 29306 | D:14     | Received a gift from Okawaru
 29627 | D:14     | Found Ipriutut's Distillery.
 29630 | D:14     | Bought a potion of heal wounds for 80 gold pieces
 29630 | D:14     | Bought a potion of heal wounds for 80 gold pieces
 29630 | D:14     | Bought a potion of heal wounds for 80 gold pieces
 29630 | D:14     | Bought a potion of curing for 48 gold pieces
 29630 | D:14     | Bought a potion of might for 64 gold pieces
 30066 | D:15     | Entered Level 15 of the Dungeon
 30189 | D:15     | Reached skill level 11 in Maces & Flails
 30267 | D:15     | Found Fiss's Book Shop.
 30306 | D:15     | Bought a book of Unlife for 845 gold pieces
 30311 | D:15     | Learned a level 4 spell: Animate Dead
 30317 | D:15     | Learned a level 5 spell: Borgnjor's Vile Clutch
 30417 | D:15     | Received a gift from Okawaru
 30614 | D:15     | Found a staircase to the Depths.
 30689 | D:15     | Noticed Nessos
 30714 | D:15     | Killed Nessos
 30787 | D:15     | Noticed Louise
 30807 | D:15     | Killed Louise
 31048 | D:15     | Received a gift from Okawaru
 31150 | D:15     | Received a gift from Okawaru
 31160 | D:15     | Identified the +9 great sword of Osuruot {vorpal, *Contam
                  | +Inv Str+4} (Okawaru gifted it to you on level 15 of the
                  | Dungeon)
 31587 | Snake:1  | Entered Level 1 of the Snake Pit
 32088 | Snake:1  | Reached XP level 17. HP: 119/135 MP: 32/32
 32324 | Snake:2  | Found a transporter.
 32406 | Snake:2  | Noticed Aizul
 32414 | Snake:2  | Noticed Nikola
 32442 | Snake:2  | Received a gift from Okawaru
 32442 | Snake:2  | Reached skill level 12 in Maces & Flails
 32463 | Snake:2  | Received a gift from Okawaru
 32466 | Snake:2  | Found a transporter.
 32466 | Snake:2  | Noticed littlecub's ghost (journeyman DsGl)
 32591 | Snake:2  | Killed Aizul
 32591 | Snake:2  | Received a gift from Okawaru
 32675 | Snake:2  | Received a gift from Okawaru
 32766 | Snake:2  | Killed Nikola
 32827 | Snake:2  | Noticed Vashnia
 32918 | Snake:2  | Killed Vashnia
 33492 | Snake:3  | Reached skill level 10 in Conjurations
 33492 | Snake:3  | Reached skill level 10 in Hexes
 33492 | Snake:3  | Reached skill level 10 in Charms
 33492 | Snake:3  | Reached skill level 10 in Summonings
 33492 | Snake:3  | Reached skill level 10 in Necromancy
 33492 | Snake:3  | Reached skill level 10 in Translocations
 33492 | Snake:3  | Reached skill level 10 in Transmutations
 33492 | Snake:3  | Reached skill level 10 in Fire Magic
 33492 | Snake:3  | Reached skill level 10 in Ice Magic
 33492 | Snake:3  | Reached skill level 10 in Air Magic
 33492 | Snake:3  | Reached skill level 10 in Earth Magic
 33492 | Snake:3  | Reached skill level 10 in Poison Magic
 33616 | Snake:3  | Reached skill level 13 in Maces & Flails
 33616 | Snake:3  | Reached XP level 18. HP: 127/143 MP: 33/33
 33923 | Snake:3  | Received a gift from Okawaru
 34150 | Snake:3  | Received a gift from Okawaru
 34210 | Snake:3  | Identified the +6 mace "Qothrasaa" {protect, rElec}
 34472 | Snake:4  | Entered Level 4 of the Snake Pit
 34954 | Snake:4  | Received a gift from Okawaru
 35093 | Snake:4  | Found an opulent altar of Gozag.
 35965 | Snake:4  | Received a gift from Okawaru
 36494 | Snake:4  | Reached skill level 14 in Maces & Flails
 36730 | Snake:4  | Reached XP level 19. HP: 151/151 MP: 35/35
 36741 | Snake:4  | Received a gift from Okawaru
 36880 | Snake:4  | Got a serpentine rune of Zot
 37102 | Swamp:1  | Entered Level 1 of the Swamp
 37400 | Swamp:1  | Learned a level 3 spell: Portal Projectile
 37417 | Swamp:1  | Noticed Jorgrun
 37428 | Swamp:1  | Killed Jorgrun
 37456 | Swamp:1  | Noticed Kirke
 37464 | Swamp:1  | Received a gift from Okawaru
 37484 | Swamp:1  | Killed Kirke
 37680 | Swamp:1  | Identified the amulet "Rell" {rF- rN++ Regen+ MP-9 Int+9}
                  | (You found it on level 1 of the Swamp)
 38047 | Swamp:2  | Received a gift from Okawaru
 38053 | Swamp:2  | Identified the +7 executioner's axe "Casojix" {freeze,
                  | +Fly} (Okawaru gifted it to you on level 2 of the Swamp)
 39325 | Swamp:3  | Found a runed translucent gate.
 39326 | Swamp:3  | Found a runed translucent gate.
 39327 | Swamp:3  | Found a runed translucent gate.
 39329 | Swamp:3  | Noticed reggie's ghost (journeyman DrWz)
 39377 | Swamp:3  | Killed reggie's ghost
 39413 | Swamp:3  | Identified the +4 war axe of Umemugh {vorpal, rPois MR-
                  | Str+4 Int+5} (You found it on level 3 of the Swamp)
 39988 | Swamp:4  | Entered Level 4 of the Swamp
 40289 | Swamp:4  | Received a gift from Okawaru
 40640 | Swamp:4  | Reached skill level 15 in Maces & Flails
 40928 | Swamp:4  | Got a decaying rune of Zot
 41239 | Vaults:1 | Entered Level 1 of the Vaults
 41243 | Vaults:1 | Reached XP level 20. HP: 159/159 MP: 36/36
 41318 | Elf:1    | Entered Level 1 of the Elven Halls
 41776 | Elf:1    | Learned a level 5 spell: Summon Mana Viper
 41973 | Elf:1    | Received a gift from Okawaru
 42707 | Elf:2    | Noticed a Brimstone Fiend
 42743 | Elf:2    | Cast into level 3 of the Abyss (a deep elf sorcerer)
 42896 | Abyss:3  | Found a corrupted altar of Lugonu.
 42966 | Abyss:3  | Received a gift from Okawaru
 43190 | Elf:2    | Escaped the Abyss
 43356 | Elf:2    | Found Qiepomaj's Assorted Antiques.
 43360 | Elf:2    | Bought a scroll of identify for 56 gold pieces
 43360 | Elf:2    | Bought a scroll labeled FEFECL MORYAJIUCRA for 28 gold
                  | pieces
 43360 | Elf:2    | Bought a scroll labeled ITO ALYEKHLOAF for 28 gold pieces
 43360 | Elf:2    | Bought a scroll of blinking for 210 gold pieces
 43360 | Elf:2    | Bought a potion of heal wounds for 140 gold pieces
 43360 | Elf:2    | Bought a scroll of fog for 56 gold pieces
 43364 | Elf:2    | Acquired the +12 Vampire's Tooth {vamp}
 43365 | Elf:2    | Found the +12 Vampire's Tooth {vamp}
 43464 | Elf:2    | Found a runed translucent gate.
 43464 | Elf:2    | Found a runed translucent gate.
 43464 | Elf:2    | Found a runed translucent gate.
 44122 | Elf:3    | Entered Level 3 of the Elven Halls
 44615 | Elf:3    | Received a gift from Okawaru
 44951 | Elf:3    | Learned a level 3 spell: Vampiric Draining
 45001 | Elf:3    | Identified the +8 long sword "Wauvawno" {drain, Fragile
                  | rC+++ Dex+3}
 45001 | Elf:3    | Identified the +2 leather armour of the Evening {rPois
                  | Slay+2 Stlth+}
 45014 | Elf:3    | Received a gift from Okawaru
 45075 | Elf:3    | Reached skill level 16 in Maces & Flails
 45075 | Elf:3    | Reached XP level 21. HP: 161/166 MP: 35/38
 45079 | Elf:3    | Received a gift from Okawaru
 45098 | Elf:3    | Identified the amulet "Qeblevi" {Acrobat rElec MR+ Str+6
                  | Dex+4}
 45114 | Elf:3    | Identified the +7 mace of Experimentation {protect, rN+}
 45141 | Elf:3    | Received a gift from Okawaru
 45317 | Elf:3    | Identified the ring "Qegruppu" {rN+ MP+9}
 45369 | Elf:3    | Identified the ring "Neitui" {Ice Str+2} (You found it on
                  | level 3 of the Elven Halls)
 45396 | Elf:3    | Identified the ring of Wuuzergho {Wiz Str+6} (You found it
                  | on level 3 of the Elven Halls)
 45896 | Vaults:1 | Received a gift from Okawaru
 45903 | Vaults:1 | Reached skill level 15 in Fighting
 45903 | Vaults:1 | Reached skill level 15 in Armour
 45903 | Vaults:1 | Reached skill level 15 in Shields
 45942 | Vaults:1 | Received a gift from Okawaru
 46295 | Vaults:1 | Reached skill level 15 in Invocations
 46303 | Vaults:1 | Received a gift from Okawaru
 46339 | Vaults:1 | Identified the +0 pair of gloves of the Pleiades {*Corrode
                  | rElec MR+ SInv} (Okawaru gifted it to you on level 1 of the
                  | Vaults)
 46605 | Vaults:1 | Learned a level 6 spell: Death Channel
 47546 | Vaults:2 | Reached XP level 22. HP: 167/175 MP: 40/40
 47569 | Vaults:2 | Reached skill level 17 in Maces & Flails
 47777 | Vaults:2 | Found Xacrif Zipt's Book Boutique.
 47957 | Vaults:2 | Received a gift from Okawaru
 47958 | Vaults:2 | Identified the +0 cloak "Leahant" {+Blink} (Okawaru gifted
                  | it to you on level 2 of the Vaults)
 48603 | Vaults:2 | Reached skill level 15 in Long Blades
 48622 | Vaults:2 | Found a staircase to the Crypt.
 48931 | Vaults:3 | Noticed Donald
 48966 | Vaults:3 | Killed Donald
 49799 | Vaults:3 | Found a runed translucent gate.
 49799 | Vaults:3 | Found a runed translucent gate.
 49799 | Vaults:3 | Found a runed translucent gate.
 50272 | Vaults:3 | Received a gift from Okawaru
 50554 | Vaults:3 | Noticed Tang's ghost (master DsGl)
 50797 | Vaults:4 | Received a gift from Okawaru
 50895 | Vaults:4 | Found Azeck's Jewellery Shoppe.
 50949 | Vaults:4 | Reached XP level 23. HP: 183/183 MP: 41/41
 51709 | Vaults:4 | Reached skill level 18 in Maces & Flails
 51789 | Vaults:4 | Received a gift from Okawaru
 52395 | Depths:1 | Entered Level 1 of the Depths
 52396 | Depths:1 | Received a gift from Okawaru
 52522 | Depths:1 | Found a gateway to a ziggurat.
 52675 | Depths:1 | Noticed Sojobo
 52681 | Depths:1 | Received a gift from Okawaru
 52682 | Depths:1 | Noticed Agnes
 52700 | Depths:1 | Killed Agnes
 52736 | Depths:1 | Killed Sojobo
 52736 | Depths:1 | Reached skill level 15 in Short Blades
 52736 | Depths:1 | Reached skill level 15 in Axes
 52736 | Depths:1 | Reached skill level 15 in Polearms
 52736 | Depths:1 | Reached skill level 15 in Staves
 52736 | Depths:1 | Reached skill level 15 in Slings
 52736 | Depths:1 | Reached skill level 15 in Bows
 52736 | Depths:1 | Reached skill level 15 in Crossbows
 52736 | Depths:1 | Reached skill level 15 in Throwing
 52736 | Depths:1 | Reached skill level 15 in Dodging
 52736 | Depths:1 | Reached skill level 15 in Stealth
 52736 | Depths:1 | Reached skill level 15 in Unarmed Combat
 52736 | Depths:1 | Reached skill level 15 in Spellcasting
 52736 | Depths:1 | Reached skill level 15 in Evocations
 52846 | Depths:1 | Found a gateway to Hell.
 52859 | Depths:1 | Found the amulet of Vitality {Regen+ HP+15}
 53298 | Depths:2 | Found a magical portal.
 53303 | WizLab   | Entered Doroklohe's Tomb
 53475 | WizLab   | Received a gift from Okawaru
 53742 | WizLab   | Acquired 1360 gold pieces
 53818 | Depths:2 | Received a gift from Okawaru
 54015 | Depths:2 | Identified the ring of Vyuz {rPois MR+}
 54158 | Depths:2 | Reached XP level 24. HP: 191/191 MP: 42/42
 54364 | Depths:2 | Identified the amulet "Elyab" {Reflect rF+ rC+ SH+5 Stlth+}
                  | (You found it on level 2 of the Depths)
 54371 | Depths:2 | Identified the +4 scale mail of Bad Feelings {rElec rC+
                  | rN+} (You found it on level 2 of the Depths)
 54679 | Depths:3 | HP: 8/207 [stone giant (12)]
 55070 | Depths:3 | Received a gift from Okawaru
 55183 | Depths:3 | Identified the +1 helmet of the Tanner {*Contam rCorr
                  | Str+2} (You found it on level 3 of the Depths)
 55247 | Depths:3 | Found a one-way gate to the infinite horrors of the Abyss.
 55259 | Depths:3 | Voluntarily entered the Abyss.
 55267 | Abyss:1  | Learned a level 6 spell: Shadow Creatures
 55477 | Abyss:2  | Reached skill level 19 in Maces & Flails
 55864 | Abyss:2  | Paralysed by accursed screaming for 1 turns
 56013 | Abyss:3  | Acquired the +9 staff of Olgreb {rPois∞}
 56013 | Abyss:3  | Found the +9 staff of Olgreb {rPois∞}
 56242 | Abyss:3  | Gained mutation: You are occasionally teleported next to
                  | monsters. [a neqoxec]
 56655 | Abyss:3  | Received a gift from Okawaru
 56798 | Abyss:3  | Received a gift from Okawaru
 56822 | Abyss:3  | Got an abyssal rune of Zot
 56959 | Abyss:4  | Found a shattered altar of Ashenzari.
 56983 | Abyss:4  | Found a shattered altar of Ashenzari.
 57121 | Depths:3 | Escaped the Abyss
 57144 | Depths:3 | Noticed a caustic shrike
 57146 | Depths:3 | Noticed a caustic shrike
 57147 | Depths:3 | Noticed a caustic shrike
 57147 | Depths:3 | Noticed a caustic shrike
 57231 | D:14     | Bought a potion of mutation for 128 gold pieces
 57231 | D:14     | Bought a potion of mutation for 128 gold pieces
 57231 | D:14     | Bought a potion of mutation for 128 gold pieces
 57231 | D:14     | Bought a potion of cancellation for 128 gold pieces
 57231 | D:14     | Bought a potion of curing for 48 gold pieces
 57231 | D:14     | Lost mutation: You are occasionally teleported next to
                  | monsters. [potion of mutation]
 57231 | D:14     | Gained mutation: You do not regenerate when monsters are
                  | visible. [potion of mutation]
 57231 | D:14     | Gained mutation: Your flesh is heat resistant. (rF+)
                  | [potion of mutation]
 57231 | D:14     | Gained mutation: You have sharp toenails. [potion of
                  | mutation]
 57232 | D:14     | Lost mutation: You have sharp toenails. [potion of
                  | mutation]
 57232 | D:14     | Lost mutation: Your flesh is heat resistant. (rF+) [potion
                  | of mutation]
 57232 | D:14     | Lost mutation: You do not regenerate when monsters are
                  | visible. [potion of mutation]
 57232 | D:14     | Gained mutation: You have sharp fingernails. [potion of
                  | mutation]
 57232 | D:14     | Gained mutation: Your movements are slightly less
                  | encumbered by armour. (ER -2) [potion of mutation]
 57232 | D:14     | Gained mutation: You are partially covered in slimy green
                  | scales. (AC +2) [potion of mutation]
 57311 | Depths:3 | Noticed a caustic shrike
 57323 | Depths:2 | Killed a caustic shrike
 57323 | Depths:2 | Reached XP level 25. HP: 172/200 MP: 42/42
 57593 | Depths:3 | Found a one-way gate leading to the halls of Pandemonium.
 57752 | Depths:3 | Found a shattered altar of Ashenzari.
 58443 | Depths:3 | Received a gift from Okawaru
 59260 | Depths:4 | You fall into a shaft and drop 1 floor!
 59260 | Depths:5 | Entered Level 5 of the Depths
 59456 | Depths:5 | Reached skill level 20 in Maces & Flails
 59520 | Depths:5 | Received a gift from Okawaru
 59687 | Depths:5 | Received a gift from Okawaru
 59835 | Depths:5 | Found a gate to the Realm of Zot.
 60584 | Depths:5 | Received a gift from Okawaru
 60733 | Depths:5 | Found a runed translucent gate.
 60734 | Depths:5 | Found a runed translucent gate.
 60734 | Depths:5 | Found an opulent altar of Gozag.
 60735 | Depths:5 | Found a runed translucent gate.
 60736 | Depths:5 | Noticed Xutext's ghost (adept DsAK)
 60740 | Depths:5 | Found Hiuvoy Ucun's Assorted Antiques.
 60805 | Depths:5 | Reached XP level 26. HP: 208/208 MP: 40/43
 60835 | Depths:5 | Killed Xutext's ghost
 61280 | Vaults:3 | Killed Tang's ghost
 61280 | Vaults:3 | Reached skill level 15 in Air Magic
 61339 | Vaults:3 | Identified the +2 cloak "Renomod" {*Slow rPois MR+++ SInv}
                  | (You found it on level 3 of the Vaults)
 61469 | Vaults:5 | Entered Level 5 of the Vaults
 61617 | Vaults:5 | Noticed an ancient lich
 61642 | Vaults:5 | Killed an ancient lich
 61896 | Vaults:5 | Received a gift from Okawaru
 62002 | Vaults:5 | Received a gift from Okawaru
 62150 | Vaults:5 | Identified the Handbook of Vitriolic Combat Magic
 62692 | Vaults:5 | Reached skill level 21 in Maces & Flails
 62781 | Vaults:5 | Received a gift from Okawaru
 62901 | Vaults:5 | Reached XP level 27. HP: 207/217 MP: 43/43
 63240 | Vaults:5 | Received a gift from Okawaru
 63422 | Vaults:5 | Received a gift from Okawaru
 63637 | Vaults:5 | Got a silver rune of Zot
 66142 | Depths:5 | Bought a glowing longbow for 337 gold pieces
 66467 | Depths:4 | Noticed the Enchantress
 66526 | Depths:4 | Killed the Enchantress
 67652 | Orc:2    | Bought 23 arrows for 64 gold pieces
 67654 | Orc:2    | Bought 21 arrows for 58 gold pieces
 68598 | D:6      | Bought a scroll of teleportation for 39 gold pieces
 68598 | D:6      | Bought a scroll of enchant weapon for 97 gold pieces
 68598 | D:6      | Bought a scroll of teleportation for 39 gold pieces
 68598 | D:6      | Bought a scroll of teleportation for 39 gold pieces
 69355 | Snake:2  | Learned a level 7 spell: Dragon Form
 69361 | Snake:2  | Learned a level 5 spell: Summon Forest
 69400 | Snake:2  | Reached skill level 15 in Conjurations
 69400 | Snake:2  | Reached skill level 15 in Hexes
 69400 | Snake:2  | Reached skill level 15 in Charms
 69400 | Snake:2  | Reached skill level 15 in Summonings
 69400 | Snake:2  | Reached skill level 15 in Necromancy
 69400 | Snake:2  | Reached skill level 15 in Translocations
 69400 | Snake:2  | Reached skill level 15 in Transmutations
 69400 | Snake:2  | Reached skill level 15 in Fire Magic
 69400 | Snake:2  | Reached skill level 15 in Ice Magic
 69400 | Snake:2  | Reached skill level 15 in Earth Magic
 69400 | Snake:2  | Reached skill level 15 in Poison Magic
 69417 | Snake:2  | Killed littlecub's ghost
 71023 | Zot:1    | Entered Level 1 of the Realm of Zot
 71023 | Zot:1    | Noticed an orb of fire
 71030 | Zot:1    | Killed an orb of fire
 71111 | Depths:5 | Learned a level 7 spell: Ring of Flames
 71207 | Zot:1    | Received a gift from Okawaru
 71370 | Zot:1    | Gained mutation: You occasionally shout uncontrollably at
                  | your foes. [mutagenic glow]
 71372 | Zot:1    | HP: 12/351 [white draconian/chilling blast (28)]
 71374 | Zot:1    | Killed from afar by a blizzard demon

Illustrated notes

Levels and vault maps discovered:
D:1:      kilobyte_arrival_exit_the_forest, layout_rooms, minivault_4
D:2:      layout_basic, grunt_temple_overflow_open,
          chequers_serial_rivers_micro_e, minmay_misc_feat_more_columns
D:3:      layout_loops_cross, gup_sewer_entry_pipe, st_stairs_1,
          due_unseen_surprise, uniq_ijyb, uniq_terence
D:4:      layout_rooms, minmay_temple_entry_purple_smoke
D:5:      layout_basic, first_ration
D:6:      layout_basic, serial_shops, nicolae_shop_trees
D:7:      layout_gridville, lemuel_doored_altar, gammafunk_ghost_nasty_kobolds
D:8:      layout_rooms, nicolae_ossuary_entry_giza
D:9:      layout_basic, erik_lair_island, uniq_joseph
D:10:     layout_irregular_city, grunt_potential
D:11:     wad_woods_structure_01, layout_cave_pods, uniq_urug
D:12:     layout_cave_pools, orc_0_dummy, serial_shops, kennysheep_mini_moat,
          the_bakery
D:13:     layout_long_grid, grunt_vaults_entry_tiered, gauntlet_entry_generic,
          uniq_rupert, uniq_maurice, uniq_sonja
D:14:     layout_irregular_city, serial_shops, nicolae_shop_behind_doors,
          minmay_misc_feat_columns, hangedman_weighted_door, nicolae_sextant
D:15:     gammafunk_enter_depths_forms, layout_irregular_city, serial_shops,
          nicolae_shop_statue_plus, uniq_louise, uniq_nessos
Temple:   minmay_crystal_spiral_temple
Lair:1:   layout_chaotic_city, grunt_forest_large_clearing_hut,
          infiniplex_staircase_pool, minmay_lair_oklob_chamber,
          serial_bayou_shore_b, uniq_maggie
Lair:2:   layout_big_grid, chequers_serial_rivers_micro_d, lemuel_fruit_fields
Lair:3:   layout_chaotic_city, chequers_serial_rivers_micro_d,
          lemuel_fruit_tree, serial_bayou_shore_b, lemuel_fruit_fields,
          uniq_fannar
Lair:4:   layout_loops_ring, nicolae_swamp_entry_splash_gauntlet,
          guppyfry_snake_entry_island, chequers_serial_rivers_marsh,
          beast_lair_carwin_11, grunt_megastairs_2, lemuel_fruit_fields
Lair:5:   lemuel_reptile_caves, layout_gridlike, ebering_ghost_funeral_grove,
          special_room [special_room_bee]
Lair:6:   evilmike_catoblepas_cave, layout_long_grid,
          dpeg_slime_entry_enclosed_altar
Swamp:1:  layout_basic_swamp, infiniplex_staircase_pool_2, uniq_kirke,
          uniq_jorgrun
Swamp:2:  layout_falls_marsh, evilmike_swamp_ruin_house_3
Swamp:3:  layout_basic_swamp, gammafunk_ghost_hydra_chop,
          hangedman_swamp_ruin_hall, nicolae_swamp_hydra_murder_den
Swamp:4:  swamp_icy, layout_basic_swamp, swamp_pool1
Snake:1:  nicolae_snake_nest, layout_rooms
Snake:2:  nicolae_aizul_guard, layout_grid_shapes, gammafunk_ghost_arena,
          uniq_vashnia, uniq_nikola
Snake:3:  layout_misc_corridors, serial_bayou_shore_b, serial_bayou_shore_b
Snake:4:  snake_pit_salamanders_mu, layout_cave_town, basic_altar
Orc:1:    layout_diamond_mine, serial_shops, shop, special_room
          [special_room_orc]
Orc:2:    st_orc_pillars, layout_caves, serial_shops, shop, mines2_david
Elf:1:    layout_rooms, hangedman_elf_represent
Elf:2:    layout_loops_ring, serial_shops, shop
Elf:3:    elf_hall, layout_geoelf_castle
Vaults:1: ontoclasm_vaults_eye, ontoclasm_vaults_ring_small,
          ontoclasm_vaults_tryst, ontoclasm_vaults_fault,
          nicolae_vaults_hallways_thing, hangedman_vaults_nodes, v_rooms_3,
          vaults_mumra_minichess_inversion, nicolae_vaults_shelves_hall,
          v_alt_pattern_6, vaults_dpeg_diagonal, vaults_dpeg_ring,
          layout_vaults_maze_snakey
Vaults:2: grunt_vaults_twisty, v_misc_26, blue_anna_dwarven_crypt, v_misc_30,
          v_misc_33, ontoclasm_vaults_loading_screen, vaults_room_octagon,
          st_star, nicolae_vaults_little_squares_1, v_misc_5, v_misc_24,
          layout_vaults_omnibox, serial_shops, shop
Vaults:3: gammafunk_vaults_ghost_tricky_traps, v_misc_12, serial_ice_b,
          st_squares, hangedman_vaults_impose, nicolae_vaults_rhombus_5,
          grunt_vaults_trifunnel, vaults_room_stairs_pillars,
          layout_vaults_chaotic_city, uniq_donald
Vaults:4: nicolae_vaults_asterisk, v_pattern_3, ontoclasm_vaults_ring_large,
          vaults_mumra_minichess, nicolae_vaults_network_barrier,
          vaults_standard_mumra_x, v_misc_30, hangedman_vaults_restitches,
          ontoclasm_vaults_twist, serial_ice_m, v_misc_25,
          nicolae_vaults_specimen_jars, layout_vaults_ring, serial_shops,
          nicolae_shop_crystal, uniq_margery
Vaults:5
Depths:1: layout_cave_shapes, enter_ziggurat_b, pf_coc_iceberg,
          minmay_misc_feat_five, sword_in_stone, roderic_lattice_octagonal_star
Depths:2: minmay_the_grid_square_5x5_3x3 [minmay_the_grid_square_5x5_fat_x,
          minmay_the_grid_square_5x5_seven,
          minmay_the_grid_square_5x5_six_small,
          minmay_the_grid_square_5x5_minimal,
          minmay_the_grid_square_5x5_megaprize_open,
          minmay_the_grid_square_5x5_n, minmay_the_grid_square_5x5_lines,
          minmay_the_grid_square_5x5_two_small,
          minmay_the_grid_square_5x5_one_wall], layout_cave_pools,
          mu_enter_wizlab_1, hell_entry, hangedman_decor_lopped
Depths:3: grunt_crosshair, layout_long_grid, pf_vacation_house_of_asmodeus,
          roderic_roman_lattice, abyss_entry, grunt_pan_entry_zigzag,
          chequers_serial_rivers_large_a, nicolae_ashenzari_panopticon,
          infiniplex_staircase_zigzag_1
Depths:4: kennysheep_funnel, layout_long_grid, marbit_kobold_abyss_entry,
          hell_entry, grunt_decor_cap, infiniplex_staircase_zigzag_2,
          serial_bayou_shore_a, uniq_enchantress, uniq_sojobo
Depths:5: grunt_zot_entry_gee_three, layout_basic, hell_entry,
          chequers_decorated_corner, abyss_entry, ebering_ghost_gozag
Zot:1:    nicolae_moth_party, layout_twisted_circle

Skill      XL: |  1  2  3  4  5  6  7  8  9 10 11 12 13 14 15 16 17 18 19 20 21 22 23 24 25 26 27 |
---------------+----------------------------------------------------------------------------------+-----
Invocations    | 1 2 3 4 5 6 7 8 9 10 11 12 13 14 15 16 17 18 | 18.8
Short Blades   | 1 2 3 4 5 6 7 8 9 10 11 12 13 14 15 16 17 | 17.5
Axes           | 1 2 3 4 5 6 7 8 9 10 11 12 13 14 15 16 17 | 17.5
Maces & Flails | 1 2 3 4 5 6 7 8 9 10 11 13 14 15 16 17 18 19 20 21 | 21.8
Polearms       | 1 2 3 4 5 6 7 8 9 10 11 12 13 14 15 16 17 | 17.5
Staves         | 1 2 3 4 5 6 7 8 9 10 11 12 13 14 15 16 17 | 17.5
Slings         | 1 2 3 4 5 6 7 8 9 10 11 12 13 14 15 16 17 | 17.5
Bows           | 1 2 3 4 5 6 7 8 9 10 11 12 13 14 15 16 17 18 19 | 19.3
Crossbows      | 1 2 3 4 5 6 7 8 9 10 11 12 13 14 15 16 17 | 17.5
Throwing       | 1 2 3 4 5 6 7 8 9 10 11 12 13 14 15 16 17 | 17.5
Dodging        | 1 2 3 4 5 6 7 8 9 10 11 12 13 14 15 16 17 | 17.5
Stealth        | 1 2 3 4 5 6 7 8 9 10 11 12 13 14 15 16 17 | 17.5
Unarmed Combat | 1 2 3 4 5 6 7 8 9 10 11 12 13 14 15 16 17 | 17.5
Spellcasting   | 1 2 3 4 5 6 7 8 9 10 11 12 13 14 15 16 17 | 17.5
Evocations     | 1 2 3 4 5 6 7 8 9 10 11 12 13 14 15 16 17 | 17.5
Conjurations   | 1 2 3 4 5 6 7 8 9 10 11 12 13 14 15 | 15.1
Hexes          | 1 2 3 4 5 6 7 8 9 10 11 12 13 14 15 | 15.1
Charms         | 1 2 3 4 5 6 7 8 9 10 11 12 13 14 15 | 15.1
Summonings     | 1 2 3 4 5 6 7 8 9 10 11 12 13 14 15 | 15.1
Necromancy     | 1 2 3 4 5 6 7 8 9 10 11 12 13 14 15 | 15.1
Translocations | 1 2 3 4 5 6 7 8 9 10 11 12 13 14 15 | 15.1
Transmutations | 1 2 3 4 5 6 7 8 9 10 11 12 13 14 15 | 15.1
Fire Magic     | 1 2 3 4 5 6 7 8 9 10 11 12 13 14 15 | 15.1
Ice Magic      | 1 2 3 4 5 6 7 8 9 10 11 12 13 14 15 | 15.1
Air Magic      | 1 2 3 4 5 6 7 8 9 10 11 12 13 14 15 16 | 16.7
Earth Magic    | 1 2 3 4 5 6 7 8 9 10 11 12 13 14 15 | 15.1
Poison Magic   | 1 2 3 4 5 6 7 8 9 10 11 12 13 14 15 | 15.1
Long Blades    | 5 6 7 8 9 10 11 12 13 14 15 16 17 18 | 18.0
Fighting       | 7 8 9 10 11 12 13 14 15 16 17 18 | 18.4
Armour         | 7 8 9 10 11 12 13 14 15 16 17 18 | 18.4
Shields        | 7 8 9 10 11 12 13 14 15 16 17 18 | 18.4

Action                   |  1- 3 |  4- 6 |  7- 9 | 10-12 | 13-15 | 16-18 | 19-21 | 22-24 | 25-27 || total
-------------------------+-------+-------+-------+-------+-------+-------+-------+-------+-------++-------
Melee: Long sword        |    23 |   130 |   501 |   809 |  2376 |       |       |       |       ||  3839
       Short sword       |   104 |    83 |       |     1 |       |       |       |       |       ||   188
       Bite              |    12 |    20 |    75 |   165 |   538 |   319 |   276 |   501 |   464 ||  2370
       Unarmed           |       |       |       |     9 |    31 |    51 |       |       |    47 ||   138
       Quick blade       |       |       |       |       |     7 |       |   233 |       |    77 ||   317
       Scimitar          |       |       |       |       |   190 |       |       |       |       ||   190
       Demon blade       |       |       |       |       |   116 |  1014 |   557 |   732 |  1151 ||  3570
       Demon trident     |       |       |       |       |       |   549 |   944 |  2019 |   752 ||  4264
       Staff             |       |       |       |       |       |       |       |       |    56 ||    56
       Triple sword      |       |       |       |       |       |       |       |       |    77 ||    77
       Punch             |       |       |       |       |       |       |       |       |    21 ||    21
       Eveningstar       |       |       |       |       |       |       |       |       |    20 ||    20
       Tailslap          |       |       |       |       |       |       |       |       |     5 ||     5
 Fire: Hunting sling     |       |       |       |       |     7 |       |   257 |       |     6 ||   270
       Longbow           |       |       |       |       |       |       |       |       |     6 ||     6
Throw: Stone             |       |    23 |     3 |     8 |    80 |     8 |     3 |       |       ||   125
       Dart              |       |    27 |    51 |    24 |   299 |    14 |     9 |       |       ||   424
       Boomerang         |       |       |       |    46 |    29 |    87 |   210 |    20 |    43 ||   435
       Javelin           |       |       |       |       |       |    22 |    34 |     2 |       ||    58
 Cast: Blink             |       |       |       |       |       |     8 |     5 |       |     1 ||    14
       Summon Butterflie |       |       |       |       |       |       |     4 |     1 |       ||     5
       Borgnjor's Vile C |       |       |       |       |       |       |    11 |     1 |     1 ||    13
       Animate Dead      |       |       |       |       |       |       |     1 |       |       ||     1
       Tukima's Dance    |       |       |       |       |       |       |     1 |     3 |       ||     4
       Summon Mana Viper |       |       |       |       |       |       |     1 |     2 |       ||     3
       Portal Projectile |       |       |       |       |       |       |     1 |     1 |       ||     2
       Dragon Form       |       |       |       |       |       |       |       |       |     4 ||     4
       Ring of Flames    |       |       |       |       |       |       |       |       |     1 ||     1
Invok: Heroism           |       |       |     2 |    14 |    39 |    20 |    25 |    14 |    29 ||   143
       Finesse           |       |       |       |     4 |     7 |     6 |     4 |     2 |     8 ||    31
 Abil: Evoke Flight      |       |       |       |       |       |       |     3 |       |       ||     3
       Evoke Berserk Rag |       |       |       |       |       |       |       |     1 |       ||     1
Evoke: Wand              |       |       |       |     1 |     4 |     1 |       |     6 |     7 ||    19
       Tin of tremorston |       |       |       |       |       |       |       |       |     1 ||     1
  Use: Scroll            |       |     4 |     8 |    11 |    15 |     6 |    15 |    13 |    23 ||    95
       Potion            |       |       |     7 |     2 |       |     2 |     2 |     4 |    11 ||    28
 Stab: Sleeping          |     3 |     3 |     5 |    15 |    24 |    26 |    34 |    32 |    13 ||   155
       Distracted        |       |     1 |       |       |       |     7 |     9 |    10 |    12 ||    39
       Confused          |       |       |       |       |     2 |       |     2 |       |       ||     4
       Paralysed         |       |       |       |       |       |       |       |     1 |       ||     1
  Eat: Chunk             |     2 |     7 |    14 |    18 |    42 |    23 |    27 |    18 |    29 ||   180
       Ration            |       |       |     1 |     1 |     2 |     2 |     3 |     6 |     6 ||    21
Armor: Scale mail        |    35 |       |   131 |    22 |       |       |       |       |       ||   188
       Leather armour    |    15 |    65 |    14 |    46 |       |       |       |       |       ||   140
       Swamp dragon scal |       |       |       |    83 |   239 |       |       |       |       ||   322
       Troll leather arm |       |       |       |       |    63 |   198 |   232 |   349 |   308 ||  1150
       Skin              |       |       |       |       |       |       |       |       |    45 ||    45
Dodge: Dodged            |    53 |   100 |   195 |   374 |   629 |   480 |   617 |  1009 |   948 ||  4405
Block: Kite shield       |    95 |   157 |   327 |   462 |       |       |       |       |       ||  1041
       Tower shield      |       |       |       |    46 |  2138 |  1387 |  1323 |  2230 |  1519 ||  8643
       Rpst.: Long sword |     2 |    26 |    45 |    92 |   139 |       |       |       |       ||   304
       Scimitar          |       |       |       |       |    13 |       |       |       |       ||    13
       Demon blade       |       |       |       |       |     9 |    52 |    40 |    78 |    64 ||   243
       Triple sword      |       |       |       |       |       |       |       |       |    26 ||    26
